 Dungeon Crawl Stone Soup version 0.31-a0-221-gbddc013574 (webtiles) character file.

Game seed: 12732132276516636482

131 qw the Chopper (level 5, 0/32 HPs)
             Began as a Gargoyle Fighter on July 3, 2023.
             Slain by a gnoll
             ... wielding a +0 spear
              (6 damage)
             ... on level 3 of the Dungeon.
             The game lasted 00:00:58 (1973 turns).

qw the Chopper (Gargoyle Fighter)                   Turns: 1973, Time: 00:00:59

Health: 0/32       AC: 17    Str: 22    XL:     5   Next: 14%
Magic:  5/5        EV:  9    Int:  8    God:
Gold:   73         SH:  4    Dex:  9    Spells: 4/4 levels left

rFire   . . .        Y - +0 war axe
rCold   . . .        c - +0 buckler
rNeg    + . .        b - +0 scale mail
rPois   inf          j - +0 helmet
rElec   +            (no cloak)
rCorr   .            k - +0 pair of gloves
SInv    .            (no boots)
Will    .....        (no amulet) Stlth
                     f - +4 ring of protection
HPRegen 0.25/turn    (no ring)
MPRegen 0.09/turn

%: no passive effects
@: no status effects
A: sickness immunity, AC +4, negative energy resistance 1, electricity
resistance, torment resistance 1, petrification resistance
a: no special abilities


You were on level 3 of the Dungeon.
You visited 1 branch of the dungeon, and saw 3 of its levels.

You collected 73 gold pieces.


Innate Abilities, Weirdness & Mutations

You are immune to sickness and miasma.
Your stone body is resilient. (AC +4)
You are immune to poison.
You resist negative energy. (rN+)
You are resistant to electric shocks. (rElec)
You are resistant to unholy torment.
You are immune to petrification.


   Skills:
 - Level 3.2 Fighting
 + Level 4.5 Axes
 - Level 1.0 Throwing
 - Level 3.2 Armour
 - Level 3.2 Shields


You had 4 spell levels left.
You didn't know any spells.
Your spell library was empty.

Inventory:

Hand Weapons
 a - a +1 heavy morningstar
 Y - a +0 war axe (weapon)
Armour
 b - a +0 scale mail (worn)
 c - a +0 buckler (worn)
 h - a +2 robe of cold resistance
 j - a +0 helmet (worn)
 k - a +0 pair of gloves (worn)
Jewellery
 f - a +4 ring of protection (left hand)
Scrolls
 m - a scroll of identify
Potions
 d - a potion of might
 g - a potion of attraction {unknown}
 i - a potion of resistance {unknown}

Dungeon Overview and Level Annotations

Branches:
Dungeon (3/15)

Altars:
Sif Muna

Shops:
D:1 !

Annotations:
D:3 exclusion: 2 iron imps


Message History

The gnoll barely misses you. The gnoll closely misses you.
You hit the gnoll.
The gnoll is severely wounded.
You barely miss the gnoll.
The gnoll hits you but does no damage. x2; The gnoll hits you with a +0 spear.
You slash the gnoll!
You kill the gnoll!
You hit the gnoll. You hit the hobgoblin but do no damage.
The gnoll closely misses you. The gnoll barely misses you.
The hobgoblin barely misses you. The gnoll completely misses you.
The gnoll closely misses you.
The hobgoblin hits you but does no damage.
You have reached level 5!
You slash the gnoll!
You kill the gnoll!
You barely miss the hobgoblin. The gnoll closely misses you.
The hobgoblin hits you but does no damage.
You hit the hobgoblin but do no damage. The gnoll hits you but does no damage.
You block the hobgoblin's attack.
You hit the hobgoblin but do no damage.
The orc priest looks satisfied for a moment.
The hobgoblin hits you but does no damage.
You block the gnoll's attack. The gnoll barely misses you.
The hobgoblin closely misses you.
You hit the hobgoblin.
You kill the hobgoblin!
The gnoll hits you but does no damage.
Found a stone staircase leading up.
The gnoll hits you with a +0 spear. The orc priest closely misses you.
You see here a hobgoblin corpse.
Enter note:
Enter note:
Enter note: You closely miss the orc priest.
You hit the gnoll but do no damage. The orc priest closely misses you.
The gnoll hits you with a +0 spear.
You closely miss the orc priest. You hit the gnoll but do no damage.
The orc priest hits you but does no damage.
The gnoll hits you with a +0 spear.
You die...

............ #.
###.)...... .. #..)#####
#. #........ # #.
#...##### .##. #.
##....### .....#.###
#.....##
###....))########.....#.
......g@..........[.>.#.
###..#o####...###.....#.
... ... #...# #....... .
..... #...# #.....#.
......# #########...##
###..# ¤...¤.......##
#.. ~..¤......%... .<.
¤~.......#.###
.~~......#.#


You could see an orc priest and a gnoll.

Vanquished Creatures
  Terence (D:3)
  2 gnolls (D:3)
  2 adders (D:2)
  A worm (D:2)
  3 dart slugs (D:2)
  An orc (D:3)
  9 bats
  9 endoplasms
  2 giant cockroaches
  8 goblins
  A hobgoblin (D:3)
  4 quokkas
  3 ball pythons
  2 frilled lizards (D:1)
  7 kobolds
  3 rats
58 creatures vanquished.

Notes
Turn   | Place    | Note
-------+----------+-------------------------------------------
     0 | D:1      | qw the Gargoyle Fighter began the quest for the Orb.
     0 | D:1      | Reached XP level 1. HP: 14/14 MP: 1/1
     0 | D:1      | 0 ||| qw: Version: 0.3-a-40-ge99b1a8
     0 | D:1      | 0 ||| qw: Game counter: 592
     0 | D:1      | 0 ||| qw: Melee chars always use a shield: true
     0 | D:1      | 0 ||| qw: God list: Okawaru
     0 | D:1      | 0 ||| qw: Allow faded altars: false
     0 | D:1      | 0 ||| qw: Do Orc after clearing Dungeon:15 true
     0 | D:1      | 0 ||| qw: Do second Lair branch before Depths: true
     0 | D:1      | 0 ||| qw: Lair rune preference: random
     0 | D:1      | 0 ||| qw: Goals: Normal, Zot:1-4, Slime:5, God:TSO, Crypt,
                  | Tomb, Abyss, Pan, Hells, Win
     0 | D:1      | 0 ||| PLANNING D:1-11
    18 | D:1      | Reached skill level 2 in Axes
    88 | D:1      | Reached XP level 2. HP: 19/19 MP: 2/2
   405 | D:1      | Reached skill level 3 in Axes
   499 | D:1      | Found Cemoof's Distillery.
   506 | D:1      | 506 ||| SHOPLISTING 2 potions of lignification (60 gold,
                  | have 12).
   506 | D:1      | 506 ||| SHOPLISTING potion of curing (30 gold, have 12).
   506 | D:1      | 506 ||| SHOPLISTING potion of enlightenment (50 gold, have
                  | 12).
   506 | D:1      | 506 ||| SHOPLISTING potion of haste (100 gold, have 12).
   506 | D:1      | 506 ||| SHOPLISTING potion of heal wounds (50 gold, have
                  | 12).
   506 | D:1      | 506 ||| SHOPLISTING potion of mutation (80 gold, have 12).
   514 | D:1      | Reached XP level 3. HP: 23/23 MP: 3/3
   813 | D:1      | 813 ||| UPGRADING to +0 helmet.
   818 | D:1      | 818 ||| UPGRADING to +4 ring of protection.
   835 | D:2      | 835 ||| Stepping ~*~*~tactically~*~*~ (stealth).
   958 | D:2      | Reached skill level 1 in Throwing
  1181 | D:2      | Reached XP level 4. HP: 26/28 MP: 4/4
  1187 | D:2      | 1187 ||| FLEEEEING.
  1196 | D:2      | 1196 ||| Stepping ~*~*~tactically~*~*~ (stealth).
  1203 | D:2      | 1203 ||| Stepping ~*~*~tactically~*~*~ (stealth).
  1204 | D:2      | 1204 ||| Stepping ~*~*~tactically~*~*~ (stealth).
  1267 | D:2      | 1267 ||| Stepping ~*~*~tactically~*~*~ (hiding).
  1291 | D:2      | 1291 ||| Stepping ~*~*~tactically~*~*~ (stealth).
  1293 | D:2      | 1293 ||| Stepping ~*~*~tactically~*~*~ (stealth).
  1295 | D:2      | 1295 ||| Stepping ~*~*~tactically~*~*~ (hiding).
  1667 | D:2      | 1667 ||| UPGRADING to +0 pair of gloves.
  1672 | D:2      | 1672 ||| READING 2 scrolls labelled KEW HITHRIELLINT.
  1673 | D:2      | 1673 ||| READING 2 scrolls labelled POIGOI PIQUPAOKH.
  1674 | D:2      | 1674 ||| DROPPING scroll of blinking.
  1697 | D:3      | 1697 ||| PLANNING SEWER
  1715 | D:3      | Noticed Terence
  1723 | D:3      | Killed Terence
  1724 | D:3      | Reached skill level 4 in Axes
  1747 | D:3      | 1747 ||| DROPPING +0 club.
  1751 | D:3      | 1751 ||| Stepping ~*~*~tactically~*~*~ (stealth).
  1761 | D:3      | Found a shimmering blue altar of Sif Muna.
  1825 | D:3      | 1825 ||| Stepping ~*~*~tactically~*~*~ (hiding).
  1827 | D:3      | 1827 ||| Stepping ~*~*~tactically~*~*~ (hiding).
  1965 | D:3      | HP: 7/28 [gnoll/+0 spear (5)]
  1967 | D:3      | Reached XP level 5. HP: 9/32 MP: 5/5
  1972 | D:3      | HP: 6/32 [gnoll/+0 spear (4)]
  1973 | D:3      | Slain by a gnoll

Levels and vault maps discovered:
D:1:      saegor_arrival_simple_a, layout_basic, serial_shops, shop,
          minmay_door_square, serial_bayou_pond_e, corexii_leaking_fountain,
          nicolae_twisty_statue_hallways
D:2:      layout_basic, dk_noncrumbling_4
D:3:      layout_basic, mainiacjoe_overflow_small_starburst, demons_altar,
          nicolae_overflow_hidden_temple, portal_sewer_entry_f, uniq_terence

Skill      XL: |  1  2  3  4 |
---------------+-------------+-----
Axes           | 2 3 4 |  4.5
Throwing       | 1 |  1.0
Fighting       | |  3.2
Armour         | |  3.2
Shields        | |  3.2

Action                     |  1- 3 |  4- 6 || total
---------------------------+-------+-------++-------
  Melee: War axe           |   103 |    39 ||   142
  Throw: Javelin           |    21 |     7 ||    28
    Use: Scroll            |       |     2 ||     2
 Armour: Scale mail        |    49 |    22 ||    71
  Dodge: Dodged            |    51 |    24 ||    75
  Block: Buckler           |    19 |     9 ||    28

Table legend:
 A = Non-vault XP
 B = Vault XP
 C = Vault XP percentage of total XP
 D = Non-vault monster count
 E = Vault monster count
 F = Vault count percentage of total count
                 A         B        C        D         E       F
            +---------+---------+-------+---------+---------+-------
      Total |     152 |      36 |  19.1 |      57 |       1 |   1.7
            +---------+---------+-------+---------+---------+-------
        D:1 |      36 |       0 |   0.0 |      23 |       0 |   0.0
        D:2 |      76 |       0 |   0.0 |      26 |       0 |   0.0
        D:3 |      40 |      36 |  47.4 |       8 |       1 |  11.1
            +---------+---------+-------+---------+---------+-------
